[ AOE2 MATCH · #482957603 ]
UnrankedByzantines vs Portuguese
Rival team · LOSS
[ REPLAY ANALYSIS · EXTRACTED FROM THE RECORDED GAME ]
Feudal
11:06
Castle
14:39
Imperial
30:17
| APM avg | 26.2 |
| APM peak | 59 |
| eAPM avg | 14.4 |
| Villagers / military | 119 / 193 |
Focus
⚔️ 31.2% · 🌾 68.8%
Spearman ×170 · Battering Ram ×21 · Mangonel ×2
Feudal
11:20
Castle
14:50
Imperial
30:27
| APM avg | 23.1 |
| APM peak | 50 |
| eAPM avg | 13.8 |
| Villagers / military | 65 / 12 |
Focus
⚔️ 26.2% · 🌾 73.8%
Organ Gun ×7 · Monk ×5
Match map
Initial resources + every placement click. Lines = walls · curves = elevation contours. ◆ gold · ⬟ stone · ● berries · ✦ relic · ◌ wall gap
Your base· ✓ Closed at 14:39 · 0t walls · 2 gate(s)
reticall's base· ✓ Closed at 14:50 · 0t walls · 2 gate(s)
Smoothed initial terrain · ◌ = detected wall gap · hover for details
Inputs per minute
— Xavyyy - - reticall
Build order — Xavyyy
First 150 of 297 actions detected
| 0:02 | Create | Villager (Male) ×4 |
| 0:06 | Build | House |
| 0:07 | Build | House |
| 1:26 | Create | Villager (Male) |
| 1:50 | Build | Lumber Camp |
| 2:11 | Create | Villager (Male) |
| 2:27 | Create | Villager (Male) |
| 3:04 | Create | Villager (Male) |
| 3:26 | Build | House |
| 3:31 | Create | Villager (Male) |
| 3:47 | Create | Villager (Male) |
| 4:11 | Create | Villager (Male) |
| 4:16 | Create | Villager (Male) |
| 4:55 | Build | Mill |
| 5:01 | Build | House |
| 5:07 | Create | Villager (Male) |
| 5:27 | Create | Villager (Male) |
| 5:39 | Create | Villager (Male) |
| 6:19 | Create | Villager (Male) |
| 6:43 | Create | Villager (Male) |
| 6:44 | Create | Villager (Male) |
| 7:35 | Create | Villager (Male) |
| 7:37 | Create | Villager (Male) |
| 7:37 | Create | Villager (Male) |
| 7:57 | Build | Farm |
| 8:14 | Build | Mining Camp |
| 8:31 | Build | Farm |
| 8:40 | Research | Feudal Age |
| 9:05 | Build | House |
| 9:15 | Build | Farm |
| 9:25 | Create | Villager (Male) |
| 9:25 | Create | Villager (Male) |
| 10:13 | Build | Farm |
| 11:06 | Age | Feudal Age |
| 11:09 | Build | Market |
| 11:13 | Build | Blacksmith |
| 11:59 | Research | Castle Age |
| 12:33 | Research | Double-Bit Axe |
| 14:15 | Create | Villager (Male) |
| 14:16 | Create | Villager (Male) |
| 14:39 | Age | Castle Age |
| 14:42 | Build | Town Center |
| 15:06 | Build | Town Center |
| 15:11 | Build | Siege Workshop |
| 15:24 | Research | Bow Saw |
| 15:28 | Create | Villager (Male) |
| 15:45 | Create | Mangonel |
| 15:49 | Build | House |
| 15:53 | Create | Villager (Male) |
| 16:08 | Create | Villager (Male) |
| 16:15 | Build | Farm |
| 16:17 | Build | Farm |
| 16:19 | Build | Farm |
| 16:21 | Build | Farm |
| 16:22 | Create | Villager (Male) |
| 16:34 | Build | Farm |
| 16:35 | Create | Villager (Male) |
| 16:35 | Create | Villager (Male) |
| 16:58 | Create | Villager (Male) |
| 17:01 | Build | Farm |
| 17:02 | Build | Farm |
| 17:03 | Create | Villager (Male) |
| 17:03 | Create | Villager (Male) |
| 17:20 | Build | House |
| 17:22 | Create | Villager (Male) |
| 17:23 | Create | Villager (Male) |
| 17:27 | Build | Farm |
| 17:32 | Create | Mangonel |
| 17:35 | Create | Villager (Male) |
| 17:35 | Create | Villager (Male) |
| 17:39 | Build | Farm |
| 17:49 | Create | Villager (Male) |
| 17:53 | Build | Farm |
| 18:04 | Build | Farm |
| 18:12 | Build | House |
| 18:13 | Create | Villager (Male) |
| 18:21 | Create | Villager (Male) |
| 18:31 | Build | Farm |
| 18:33 | Build | Farm |
| 18:39 | Build | House |
| 18:40 | Create | Villager (Male) |
| 18:47 | Build | Farm |
| 18:49 | Build | Farm |
| 18:51 | Build | Farm |
| 18:52 | Build | Farm |
| 18:53 | Create | Villager (Male) |
| 18:53 | Create | Villager (Male) |
| 18:58 | Create | Villager (Male) |
| 19:01 | Build | House |
| 19:08 | Create | Villager (Male) |
| 19:18 | Create | Villager (Male) |
| 19:18 | Create | Villager (Male) |
| 19:26 | Build | Farm |
| 19:27 | Build | Farm |
| 19:32 | Create | Villager (Male) |
| 19:36 | Build | House |
| 19:39 | Create | Villager (Male) |
| 19:39 | Create | Villager (Male) |
| 19:45 | Build | Farm |
| 19:46 | Create | Villager (Male) |
| 19:57 | Build | House |
| 19:58 | Create | Villager (Male) |
| 19:58 | Create | Villager (Male) |
| 20:04 | Build | Farm |
| 20:07 | Build | Farm |
| 20:12 | Build | Farm |
| 20:13 | Build | Farm |
| 20:14 | Create | Villager (Male) |
| 20:14 | Create | Villager (Male) |
| 20:25 | Build | Outpost |
| 20:27 | Create | Villager (Male) |
| 20:28 | Create | Villager (Male) |
| 20:28 | Create | Villager (Male) |
| 20:32 | Research | Loom |
| 20:35 | Create | Villager (Male) |
| 20:35 | Create | Villager (Male) |
| 20:48 | Create | Battering Ram |
| 20:50 | Create | Villager (Male) |
| 21:00 | Build | Barracks |
| 21:02 | Create | Villager (Male) |
| 21:02 | Create | Villager (Male) |
| 21:11 | Build | Farm |
| 21:13 | Build | Farm |
| 21:19 | Build | Farm |
| 21:19 | Create | Villager (Male) |
| 21:19 | Create | Villager (Male) |
| 21:26 | Build | Outpost |
| 21:27 | Create | Villager (Male) |
| 21:27 | Create | Villager (Male) |
| 21:28 | Create | Villager (Male) |
| 21:38 | Create | Battering Ram |
| 21:40 | Build | Farm |
| 21:41 | Create | Villager (Male) |
| 21:51 | Create | Villager (Male) |
| 22:00 | Build | Barracks |
| 22:01 | Create | Villager (Male) |
| 22:05 | Create | Villager (Male) |
| 22:05 | Create | Villager (Male) |
| 22:09 | Create | Villager (Male) |
| 22:09 | Create | Villager (Male) |
| 22:11 | Build | Farm |
| 22:12 | Create | Villager (Male) |
| 22:13 | Create | Villager (Male) |
| 22:31 | Create | Villager (Male) |
| 22:32 | Create | Villager (Male) |
| 22:43 | Build | Outpost |
| 22:43 | Create | Villager (Male) |
| 22:44 | Create | Villager (Male) |
| 22:54 | Create | Battering Ram |
| 22:56 | Create | Villager (Male) |
Build order — reticall
First 150 of 188 actions detected
| 0:01 | Create | Villager (Male) |
| 0:01 | Create | Villager (Male) |
| 0:02 | Build | House |
| 0:02 | Build | House |
| 0:29 | Create | Villager (Male) |
| 0:29 | Create | Villager (Male) |
| 1:30 | Create | Villager (Male) |
| 1:31 | Create | Villager (Male) |
| 1:50 | Create | Villager (Male) |
| 1:50 | Create | Villager (Male) |
| 2:12 | Build | Lumber Camp |
| 2:29 | Create | Villager (Male) |
| 2:38 | Create | Villager (Male) |
| 2:42 | Create | Villager (Male) |
| 2:42 | Create | Villager (Male) |
| 3:23 | Build | House |
| 4:05 | Create | Villager (Male) |
| 4:05 | Create | Villager (Male) |
| 4:25 | Create | Villager (Male) |
| 4:25 | Create | Villager (Male) |
| 4:33 | Build | Mill |
| 5:24 | Create | Villager (Male) |
| 6:15 | Create | Villager (Male) |
| 6:15 | Create | Villager (Male) |
| 6:15 | Create | Villager (Male) |
| 6:19 | Build | House |
| 6:32 | Create | Villager (Male) |
| 6:46 | Create | Villager (Male) |
| 6:46 | Create | Villager (Male) |
| 7:00 | Build | Mining Camp |
| 7:33 | Build | Farm |
| 7:38 | Create | Villager (Male) |
| 8:11 | Build | Farm |
| 8:33 | Research | Feudal Age |
| 8:54 | Create | Villager (Male) |
| 9:05 | Build | House |
| 9:15 | Build | Farm |
| 11:19 | Create | Villager (Male) |
| 11:19 | Create | Villager (Male) |
| 11:20 | Age | Feudal Age |
| 11:21 | Build | Blacksmith |
| 11:23 | Build | Market |
| 11:31 | Research | Loom |
| 12:03 | Research | Castle Age |
| 12:03 | Research | Castle Age |
| 12:28 | Create | Villager (Male) |
| 12:32 | Build | House |
| 12:40 | Build | Barracks |
| 13:18 | Build | Mining Camp |
| 14:03 | Build | Mining Camp |
| 14:22 | Build | Mining Camp |
| 14:37 | Research | Loom |
| 14:37 | Research | Wheelbarrow |
| 14:50 | Age | Castle Age |
| 14:56 | Create | Villager (Male) |
| 15:15 | Build | Monastery |
| 15:42 | Build | House |
| 15:43 | Build | House |
| 15:45 | Build | Palisade Wall |
| 15:52 | Create | Monk |
| 15:53 | Create | Monk |
| 15:58 | Build | House |
| 16:07 | Build | House |
| 16:08 | Build | House |
| 16:51 | Create | Monk |
| 16:58 | Build | Farm |
| 17:00 | Create | Villager (Male) |
| 17:26 | Research | Double-Bit Axe |
| 17:28 | Create | Villager (Male) |
| 17:38 | Build | Farm |
| 17:59 | Build | Farm |
| 18:14 | Create | Villager (Male) |
| 18:28 | Create | Monk |
| 18:38 | Create | Villager (Male) |
| 18:52 | Research | Gold Mining |
| 18:52 | Research | Stone Mining |
| 19:12 | Create | Monk |
| 19:42 | Build | Town Center |
| 19:45 | Create | Villager (Male) |
| 19:46 | Create | Villager (Male) |
| 20:13 | Build | Farm |
| 20:43 | Build | Farm |
| 20:44 | Create | Villager (Male) |
| 20:51 | Research | Horse Collar |
| 21:21 | Build | Farm |
| 21:22 | Create | Villager (Male) |
| 21:22 | Create | Villager (Male) |
| 21:24 | Create | Villager (Male) |
| 21:24 | Create | Villager (Male) |
| 21:26 | Create | Villager (Male) |
| 21:55 | Build | Monastery |
| 21:59 | Build | Farm |
| 22:06 | Build | Farm |
| 22:07 | Create | Villager (Male) |
| 22:08 | Create | Villager (Male) |
| 22:13 | Research | Sanctity |
| 22:27 | Build | Farm |
| 22:31 | Create | Villager (Male) |
| 22:33 | Create | Villager (Male) |
| 22:46 | Build | Farm |
| 22:48 | Create | Villager (Male) |
| 22:53 | Build | Farm |
| 23:30 | Build | Siege Workshop |
| 23:33 | Create | Villager (Male) |
| 23:34 | Create | Villager (Male) |
| 23:43 | Build | Farm |
| 24:06 | Build | Farm |
| 24:09 | Create | Villager (Male) |
| 24:25 | Create | Villager (Male) |
| 24:25 | Create | Villager (Male) |
| 24:50 | Build | University |
| 24:56 | Build | Farm |
| 24:56 | Create | Villager (Male) |
| 24:57 | Create | Villager (Male) |
| 24:58 | Create | Villager (Male) |
| 25:04 | Build | Farm |
| 25:14 | Research | Heavy Plow |
| 25:35 | Build | Mining Camp |
| 25:41 | Build | Farm |
| 25:50 | Build | Farm |
| 25:52 | Create | Villager (Male) |
| 25:52 | Create | Villager (Male) |
| 26:07 | Build | Farm |
| 26:27 | Build | Farm |
| 26:32 | Build | Farm |
| 27:09 | Build | Farm |
| 27:17 | Research | Imperial Age |
| 27:27 | Create | Villager (Male) |
| 27:27 | Create | Villager (Male) |
| 27:27 | Create | Villager (Male) |
| 27:28 | Create | Villager (Male) |
| 27:28 | Create | Villager (Male) |
| 28:02 | Build | Farm |
| 28:05 | Create | Villager (Male) |
| 28:05 | Create | Villager (Male) |
| 28:18 | Research | Stone Shaft Mining |
| 28:23 | Research | Treadmill Crane |
| 28:38 | Research | Fortified Wall (upgrade) |
| 28:45 | Build | Farm |
| 28:53 | Build | Stone Wall |
| 28:56 | Build | Stone Wall |
| 29:06 | Build | House |
| 29:08 | Build | House |
| 29:09 | Build | House |
| 29:21 | Research | Murder Holes |
| 29:25 | Build | Farm |
| 29:27 | Create | Villager (Male) |
| 29:28 | Create | Villager (Male) |
| 29:41 | Build | House |
| 29:42 | Build | House |
Match timeline
| 11:06 | Xavyyy · age_up feudal |
| 11:20 | reticall · age_up feudal |
| 12:40 | reticall · first_building Barracks |
| 14:39 | Xavyyy · age_up castle |
| 14:50 | reticall · age_up castle |
| 15:11 | Xavyyy · first_building Siege Workshop |
| 15:15 | reticall · first_building Monastery |
| 15:45 | reticall · wall_segment Palisade Wall x1 |
| 18:12 | reticall · first_market_buy 100 food |
| 21:00 | Xavyyy · first_building Barracks |
| 23:30 | reticall · first_building Siege Workshop |
| 25:32 | Xavyyy · first_building Monastery |
| 26:16 | Xavyyy · first_market_sell 100 food |
| 28:53 | reticall · wall_segment Stone Wall x6 |
| 28:56 | reticall · wall_segment Stone Wall x7 |
| 30:17 | Xavyyy · age_up imperial |
| 30:27 | reticall · age_up imperial |
| 31:59 | reticall · first_building Castle |
| 36:21 | reticall · resign |
[ AI ANALYSIS · 1 CREDIT ]
What really happened in this match?
Wolo.gg analyzes every decision: build order, eco, micro, common mistakes by bracket. Personalized analysis on WhatsApp or Discord in 30 seconds.
Civ guide
Byzantines
Perfil
Jugador #2997421